 Dungeon Crawl Stone Soup version 0.29.0-13-gc9e81de378 (webtiles) character file.

Game seed: 3576441155457013267

146 Powertoast the Chopper (level 5, 0/46 HPs)
             Began as a Hill Orc Fighter on Sept 8, 2022.
             Slain by an adder (4 damage)
             ... on level 4 of the Dungeon.
             The game lasted 00:07:29 (3608 turns).

Powertoast the Chopper (Hill Orc Fighter)           Turns: 3608, Time: 00:07:30

Health: 0/46       AC: -8    Str: 21    XL:     5   Next: 28%
Magic:  5/5        EV:  9    Int:  8    God:
Gold:   118        SH:  9    Dex: 10    Spells: 4/4 levels left

rFire   . . .      SeeInvis .   j - +3 mace
rCold   . . .      Faith    .   c - +0 buckler
rNeg    . . .      Spirit   .   b - +0 scale mail
rPois   .          Reflect  +   (no helmet)
rElec   .          Harm     .   (no cloak)
rCorr   .          Rampage  .   (no gloves)
Will    .....                   (no boots)
Stlth   ..........              f - amulet of reflection
HPRegen 0.15/turn               (no ring)
MPRegen 0.09/turn               (no ring)

@: corroded
A: no striking features
a: no special abilities


You were on level 4 of the Dungeon.
You visited 1 branch of the dungeon, and saw 4 of its levels.

You collected 118 gold pieces.

Inventory:

Hand Weapons
 a - a +0 war axe
 j - a +3 mace (weapon)
Missiles
 k - 9 poisoned darts (quivered)
Armour
 b - a +0 scale mail (worn)
 c - a +0 buckler (worn)
Jewellery
 f - an amulet of reflection (around neck)
 p - an amulet of regeneration
Wands
 o - a wand of paralysis (12)
Scrolls
 e - 3 scrolls of identify {unknown}
 h - a scroll of vulnerability {unknown}
 i - 2 scrolls of fear {unknown}
 m - 3 scrolls of magic mapping {unknown}
 q - a scroll of amnesia {unknown}
 r - a scroll of teleportation {unknown}
Potions
 d - 2 potions of might
 g - 2 potions of heal wounds {unknown}
 l - a potion of resistance {unknown}
 n - a potion of curing {unknown}
 s - a potion of haste {unknown}


   Skills:
 - Level 4.0 Fighting
 * Level 5.3 Axes
 + Level 0.8 Throwing
 - Level 4.0 Armour
 - Level 4.0 Shields
 + Level 0.0 Evocations


You had 4 spell levels left.
You didn't know any spells.
Your spell library contained the following spells:

 Spells                   Type           Power      Damage    Failure   Level
 Ignite Poison            Fire/Tmut/Pois 0%         N/A       99%         3
 Inner Flame              Hex/Fire       0%         N/A       99%         3
 Mephitic Cloud           Conj/Pois/Air  0%         N/A       99%         3
 Cause Fear               Hex            0%         N/A       100%        4
 Freezing Cloud           Conj/Ice/Air   0%         6-21      100%        5
 Discord                  Hex            0%         N/A       100%        8


Dungeon Overview and Level Annotations

Branches:
Dungeon (4/15)
 Temple: D:4-7

Altars:
Fedhas

Annotations:
D:3 3 runed translucent doors, SensoryNuts's ghost, amateur DsFi
D:4 exclusion: oklob plant


Message History

You see here a giant cockroach corpse.
Found a blossoming altar of Fedhas.
An oklob plant comes into view.
Marking area around an oklob plant as unsafe for travelling.
An oklob plant is nearby!
An endoplasm comes into view.
The endoplasm quivers.
Found a stone staircase leading up.
The endoplasm freezes you.
You are frozen.
You hit the endoplasm.
The endoplasm is almost dead.
The endoplasm hits you but does no damage.
You sock the endoplasm!
You kill the endoplasm!
HP restored.
A jelly comes into view.
The jelly quivers.
An adder comes into view.
Found a smoky brown potion.
Found a stone staircase leading down.
The adder hisses angrily.
You block the jelly's attack.
You hit the jelly.
Your hands burn!
The jelly is lightly wounded.
The jelly hits you. The acid corrodes you!
You are splashed with acid!
You hit the jelly. The acid corrodes you!
Your hands burn!
The jelly is moderately wounded.
You block the jelly's attack. You block the adder's attack.
You hit the adder.
The adder is lightly wounded.
You block the adder's attack. The jelly hits you. The acid corrodes you!
You are splashed with acid!
You hit the jelly.
Your hands burn!
The jelly is heavily wounded.
The adder bites you. The jelly hits you. The acid corrodes you!
You are splashed with acid!
* * * LOW HITPOINT WARNING * * *
You block the adder's attack. The jelly barely misses you.
The adder attacks as you move away! The adder bites you.
You die...

# #..##...#
###......#....# .##
#..###....####.....##.####
.. ....#
#.........#.####...## #..
##.. ###..##.....# ##...#
... ... #....
#####...##.... ....#.!..
#............
.......>####.........##
#.....S.#.##.#.....#...
......J@.....#....##...
..##.<.....#.......# ..
##.....##.........
#.........####.....
###.#.#.... .....
#.####.... .## #. #.... #.
.....


You could see a jelly and an adder.

Vanquished Creatures
  3 gnolls (D:3)
  4 adders
  A worm (D:2)
  3 dart slugs
  An orc (D:4)
  4 bats
  7 endoplasms
  8 giant cockroaches
  4 goblins
  4 hobgoblins
  4 jackals (D:1)
  4 kobolds
  3 quokkas
  5 ball pythons
  6 frilled lizards
  6 rats
67 creatures vanquished.

Notes
Turn   | Place    | Note
-------+----------+-------------------------------------------
     0 | D:1      | Powertoast the Hill Orc Fighter began the quest for the
                  | Orb.
     0 | D:1      | Reached XP level 1. HP: 19/19 MP: 1/1
   136 | D:1      | Reached skill level 3 in Axes
   216 | D:1      | Reached XP level 2. HP: 23/27 MP: 2/2
   650 | D:1      | Reached XP level 3. HP: 33/33 MP: 3/3
  1493 | D:2      | Reached skill level 4 in Axes
  1649 | D:2      | Reached XP level 4. HP: 35/40 MP: 4/4
  2746 | D:3      | Reached skill level 5 in Axes
  2746 | D:3      | Reached XP level 5. HP: 31/46 MP: 5/5
  3269 | D:3      | Found a faded altar of an unknown god.
  3354 | D:3      | Found a runed translucent gate.
  3354 | D:3      | Found a runed translucent gate.
  3356 | D:3      | Found a runed translucent gate.
  3359 | D:3      | Noticed SensoryNuts's ghost (amateur DsFi)
  3516 | D:4      | Found a blossoming altar of Fedhas.
  3529 | D:4      | Noticed an oklob plant
  3608 | D:4      | Slain by an adder

Illustrated notes

Levels and vault maps discovered:
D:1:      roderic_dead_forest, layout_loops_corners
D:2:      layout_loops_ring, serial_park_tiny_1, grunt_decor_clamped
D:3:      layout_loops_cross, gammafunk_ghost_necromancy,
          dreamdust_ecumenical_altar_angels_and_demons
D:4:      layout_cave_pools, nicolae_overflow_crystal_walls, tgw_fedhas

Skill      XL: |  1  2  3  4 |
---------------+-------------+-----
Axes           | 3 4 5 |  5.3
Fighting       | 4 |  4.0
Armour         | 4 |  4.0
Shields        | 4 |  4.0
Throwing       | |  0.8

Action                   |  1- 3 |  4- 6 || total
-------------------------+-------+-------++-------
Melee: War axe           |    53 |       ||    53
       Mace              |    47 |    79 ||   126
Throw: Dart              |       |     7 ||     7
Armor: Scale mail        |    49 |    33 ||    82
Dodge: Dodged            |    44 |    38 ||    82
Block: Buckler           |    23 |    14 ||    37
